 Dungeon Crawl Stone Soup version 0.16.1-2-g95b8d4c (webtiles) character file.

140 RobertPalmer the Cudgeler (level 5, -2/34 HPs)
             Began as an Octopode Warper on Mar 25, 2015.
             Slain by a centaur zombie (3 damage)
             ... in an ossuary.
             The game lasted 00:07:23 (3454 turns).

RobertPalmer the Cudgeler (Octopode Warper)         Turns: 3454, Time: 00:07:23

Health: -2/34      AC:  1    Str:  8 (10) XL:     5   Next: 22%
Magic:  9/9        EV: 11    Int: 16      God:
Gold:   272        SH:  3    Dex: 12      Spells: 3 memorised, 3 levels left

rFire  . . .     SeeInvis .     m - +1 whip
rCold  . . .     Clarity  .     e - +0 buckler
rNeg   . . .     SustAb   .     (helmet restricted)
rPois  .         Gourm    .     n - amulet of inaccuracy (curse)
rElec  .         Spirit   .     (no ring)
rCorr  .         Warding  .     (no ring)
rMut   .         Stasis   .     (no ring)
MR     .....                    (no ring)
Stlth  ++........               (no ring)
                                (no ring)
                                (no ring)
                                (no ring)

@: marked, not resistant to hostile enchantments, unstealthy
A: almost no armour, amphibious, 8 rings, constrict 8, camouflage 1, gelatinous
body 1
a: no special abilities


You were in an ossuary.
You were not hungry.

You visited 1 branch of the dungeon, and saw 4 of its levels.
You also visited: Ossuary.

You collected 272 gold pieces.

Inventory:

Hand weapons
 a - a +0 mace
 m - a +1 whip (weapon)
   (You took it off a kobold on level 1 of the Dungeon)
Missiles
 p - 9 poisoned needles
Armour
 e - a +0 buckler (worn)
   (You found it on level 4 of the Dungeon)
Jewellery
 n - a cursed amulet of inaccuracy (around mantle)
   (You found it on level 2 of the Dungeon)
Magical devices
 q - a wand of slowing (19)
   (You found it on level 3 of the Dungeon)
Scrolls
 d - 2 scrolls of blinking {!r}
 h - a scroll of identify
 j - 2 scrolls of enchant weapon
 o - a scroll of recharging
Potions
 i - a potion of flight
 l - a potion of magic
Books
 c - a book of Spatial Translocations
Comestibles
 b - 3 meat rations {@e2}
 f - 4 bread rations {@e1}


   Skills:
 - Level 2.0 Fighting
 - Level 4.4 Maces & Flails
 - Level 1.0 Throwing
 - Level 2.3 Dodging
 - Level 2.0 Spellcasting
 + Level 4.1 Translocations


You had 3 spell levels left.
You knew the following spells:

 Your Spells              Type           Power        Failure   Level  Hunger
a - Shroud of Golubria    Chrm/Tloc      #.........   24%         2    ###....
b - Blink                 Tloc           N/A          12%         2    ###....
g - Apportation           Tloc           ##........   8%          1    #......


Dungeon Overview and Level Annotations

Branches:
Dungeon (4/15)
 Temple: D:4-7

Altars:
The Shining One

Annotations:
D:4 Ijyb


Innate Abilities, Weirdness & Mutations

You cannot wear most types of armour.
You are amphibious.
You can wear up to eight rings at the same time.
You can use your tentacles to constrict many enemies at once.
Your skin changes colour to match your surroundings (Stealth).
Your rubbery body absorbs attacks (AC +1).


Message History

You barely miss the kobold zombie. You grab the kobold zombie.
You squeeze the kobold zombie. You constrict the kobold zombie.
The kobold zombie barely misses you. The orc zombie misses you.
Your shield prevents you from hitting the kobold zombie.
You squeeze the kobold zombie, but do no damage.
You constrict the kobold zombie. The kobold zombie misses you.
You hit the kobold zombie.
You destroy the kobold zombie!
The orc zombie hits you.
You take 3 damage, and have 28/34 hp.
You barely miss the hobgoblin zombie. You grab the hobgoblin zombie.
You constrict the hobgoblin zombie. The hobgoblin zombie hits you.
The orc zombie barely misses you.
You take 3 damage, and have 25/34 hp.
You hit the hobgoblin zombie. You squeeze the hobgoblin zombie.
You constrict the hobgoblin zombie. The hobgoblin zombie hits you.
You block the orc zombie's attack.
You take 1 damage, and have 24/34 hp.
Your shield prevents you from hitting the hobgoblin zombie.
You squeeze the hobgoblin zombie, but do no damage.
You constrict the hobgoblin zombie.
You destroy the hobgoblin zombie!
You hit the orc zombie. You grab the orc zombie. You constrict the orc zombie.
The orc zombie hits you.
You take 1 damage, and have 23/34 hp.
You hit the orc zombie.
You destroy the orc zombie!
No target in view!
Okay, then.
Memorise Blink, consuming 2 spell levels and leaving 5?
You start memorising the spell.
You continue memorising.
You continue memorising.
You finish memorising.
Spell assigned to 'b'.
Memorise Shroud of Golubria, consuming 2 spell levels and leaving 3?
You start memorising the spell.
You continue memorising.
You continue memorising.
You finish memorising.
Spell assigned to 'a'.
Space distorts slightly along a thin shroud covering your body.
You now have 7/9 mp.
A hobgoblin zombie comes into view.
Your shroud begins to fray at the edges.
Your shroud bends the hobgoblin zombie's attack away.
You hit the hobgoblin zombie but do no damage.
You grab the hobgoblin zombie. You constrict the hobgoblin zombie.
Your shroud bends the hobgoblin zombie's attack away.
You hit the orc zombie.
You destroy the orc zombie!
You constrict the hobgoblin zombie. You hit the hobgoblin zombie.
You constrict the hobgoblin zombie.
You destroy the hobgoblin zombie!
No target in view!
Your shroud unravels.
MP restored: 9
Found a gate leading back out of this place.
The alarm trap emits a blaring wail!
A sentinel's mark forms upon you.
You start resting.
A centaur zombie comes into view.
A centaur zombie is nearby!
Unknown command.
You hear a blaring wail to the south. x2
A goblin zombie comes into view.
You closely miss the centaur zombie. The centaur zombie hits you.
A mummy comes into view.
You take 4 damage, and have 25/34 hp.
You hit the centaur zombie but do no damage.
The centaur zombie barely misses you. The centaur zombie hits you.
A jackal zombie comes into view.
You take 2 damage, and have 23/34 hp.
You hit the centaur zombie.
The mummy moves out of view.
The centaur zombie hits you.
A human zombie comes into view.
You take 3 damage, and have 20/34 hp.
You hit the centaur zombie. The centaur zombie hits you!
A kobold zombie comes into view.
You take 7 damage, and have 13/34 hp.
MASSIVE DAMAGE!!
You hit the centaur zombie. The centaur zombie hits you!
* * * LOW HITPOINT WARNING * * *
The kobold zombie moves out of view.
A goblin zombie comes into view.
You take 7 damage, and have 6/34 hp.
MASSIVE DAMAGE!!
Drink which item? (? for menu, Esc to quit)
Okay, then.
Drink which item? (? for menu, Esc to quit)
Okay, then.
You hit the centaur zombie.
You hear a blaring wail to the southwest.
The centaur zombie hits you.
* * * LOW HITPOINT WARNING * * *
A mummy comes into view.
You take 3 damage, and have 3/34 hp.
You hit the centaur zombie but do no damage.
The centaur zombie hits you.
* * * LOW HITPOINT WARNING * * *
2 zombies come into view.
You take 2 damage, and have 1/34 hp.
You hit the centaur zombie. The centaur zombie hits you.
You die...

######################
#....................#
#....................#
#........8..8........#
#..........Z@........#
#...######ZZ######...#
#...# #Z.# #...# #...#
#..# #...# #...# #Z.#
#...# #...# Z... #...#
#...# ##.... #...#
#...# #ZM.. #...#
#...# #.... #...#


You could see a mummy, a jackal zombie, 3 goblin zombies, a kobold zombie, a
centaur zombie and a human zombie.

Vanquished Creatures
  A hound (D:4)
  3 adders
  2 giant geckos (D:2)
  5 orcs (D:3)
  3 ball pythons
  4 goblins
  8 hobgoblins
  9 kobolds
  2 quokkas (D:3)
  6 bats
  4 giant cockroaches
  6 giant newts
  8 hobgoblin zombies (Ossuary)
  5 kobold zombies (Ossuary)
  7 orc zombies (Ossuary)
  4 rats
77 creatures vanquished.

Notes
Turn   | Place    | Note
--------------------------------------------------------------
     0 | D:1      | RobertPalmer, the Octopode Warper, began the quest for the Orb.
     0 | D:1      | Reached XP level 1. HP: 14/14 MP: 3/3
   310 | D:1      | Reached XP level 2. HP: 19/19 MP: 4/4
   531 | D:1      | Reached skill level 3 in Maces & Flails
   967 | D:2      | Reached XP level 3. HP: 20/24 MP: 6/6
  1377 | D:2      | HP: 6/24 [giant gecko (4)]
  1698 | D:3      | HP: 4/24 [adder (4)]
  1707 | D:3      | HP: 5/24 [adder (3)]
  1709 | D:3      | Reached skill level 4 in Maces & Flails
  1971 | D:3      | Reached XP level 4. HP: 21/29 MP: 7/7
  2177 | D:3      | Found a glowing golden altar of the Shining One.
  2356 | D:3      | HP: 7/29 [orc/dagger (1)]
  2731 | D:4      | HP: 4/29 [hound (4)]
  2732 | D:4      | Reached XP level 5. HP: 4/34 MP: 9/9
  2950 | D:4      | Found a sand-covered staircase.
  2951 | D:4      | Noticed Ijyb
  3143 | Ossuary  | Entered an ossuary
  3264 | Ossuary  | Reached skill level 4 in Translocations
  3401 | Ossuary  | Learned a level 2 spell: Blink
  3404 | Ossuary  | Learned a level 2 spell: Shroud of Golubria
  3451 | Ossuary  | HP: 6/34 [centaur zombie (7)]
  3453 | Ossuary  | HP: 1/34 [centaur zombie (3)]
  3454 | Ossuary  | Slain by a centaur zombie

Action                   |  1- 3 |  4- 6 || total
-------------------------+-------+-------++-------
Melee: Mace              |    30 |       ||    30
       Whip              |    73 |   125 ||   198
Throw: Tomahawk          |     5 |       ||     5
 Cast: Shroud of Golubri |       |     1 ||     1
  Use: Scroll            |     4 |     2 ||     6
       Potion            |     2 |     5 ||     7
 Stab: Sleeping          |     1 |     3 ||     4
  Eat: Chunk             |     3 |     2 ||     5
       Beef jerky        |       |     2 ||     2

Vault maps used:
D:1:      dpeg_arrival_arbitrary_b
D:3:      tso_metal_star
D:4:      kennysheep_little_box, nicolae_ossuary_entry_false_entrances,
          first_bread, feat_on_display, uniq_sigmund, uniq_blork_the_orc,
          uniq_iyjb, uniq_eustachio
Ossuary:  ossuary_tomb_1

Table legend:
 A = Turns spent in this place as a percentage of turns spent in the entire game.
 B = Non-inter-level travel turns spent in this place as a percentage of non-inter-level travel turns spent in the entire game.
 C = Inter-level travel turns spent in this place as a percentage of turns spent in this place.
 D = Turns resting spent in this place as a percentage of non-inter-level travel turns spent in this place.
 E = Turns spent auto-exploring this place as a percentage of non-inter-level travel turns spent in this place.
 F = Non-inter-level travel turns spent in this place divided by the number of levels of this place that you've seen.
                   A       B       C       D       E      F
               +-------+-------+-------+-------+-------+----------------------
         Total | 100.0 | 100.0 |   0.3 |   2.9 |   4.6 | 273.2
       Dungeon |  83.4 |  83.4 |   0.3 |   3.1 |   5.5 | 284.8
       Ossuary |  16.6 |  16.6 |   0.0 |   1.8 |   0.0 | 227.0
               +-------+-------+-------+-------+-------+----------------------

Table legend:
 A = Kills in this place as a percentage of kills in entire the game.
 B = Kills by you in this place as a percentage of kills by you in the entire game.
 C = Kills by friends in this place as a percentage of kills by friends in the entire game.
 D = Other kills in this place as a percentage of other kills in the entire game.
 E = Experience gained in this place as a percentage of experience gained in the entire game.
 F = Experience gained in this place divided by the number of levels of this place that you have seen.
                   A       B       C       D       E      F
               +-------+-------+-------+-------+-------+----------------------
         Total | 100.0 | 100.0 |  -nan |  -nan | 100.0 |  40.0
       Dungeon |  74.0 |  74.0 |  -nan |  -nan |  90.0 |  45.0
       Ossuary |  26.0 |  26.0 |  -nan |  -nan |  10.0 |  20.0
               +-------+-------+-------+-------+-------+----------------------
